 Dungeon Crawl Stone Soup version 0.30-b1-2-g02819fbbbe (webtiles) character file.

Game seed: 5259847876835909239

768 MisterFreud the Ducker (level 7, -13/52 HPs)
             Began as a Green Draconian Transmuter on Aug 21, 2023.
             Mangled by a two-headed ogre
             ... wielding a +0 giant club
              (25 damage)
             ... on level 5 of the Dungeon.
             The game lasted 00:05:33 (4138 turns).

MisterFreud the Ducker (Green Draconian Transmuter) Turns: 4138, Time: 00:05:33

Health: -13/52     AC:  6    Str: 18    XL:     7   Next: 52%
Magic:  7/10       EV: 14    Int: 16    God:
Gold:   245        SH:  0    Dex: 11    Spells: 6/10 levels left

rFire   . .          .
                       - Unarmed
rCold   . . .        (no shield)
rNeg    . . .        (body armour unavailable)
rPois   +            (helmet currently unavailable)
rElec   .            (no cloak)
rCorr   .            (no gloves)
SInv    .            (boots currently unavailable)
Will    .....        (no amulet)
Stlth   +            k - +6 ring of strength
HPRegen 0.28/turn    (no ring)
MPRegen 0.12/turn

%: no passive effects
@: short of breath, appendages (expiring), very slightly contaminated
A: horns 2, talons 2, breathe noxious fumes, AC +6, unfitting armour, poison
resistance, cold-blooded
a: Breathe Noxious Fumes, End Transformation


You were on level 5 of the Dungeon.
You had temporarily grown beastly horns and talons.
You visited 1 branch of the dungeon, and saw 6 of its levels.

You collected 245 gold pieces.

Inventory:

Missiles
 j - 6 poisoned darts
 l - 6 curare-tipped darts
Jewellery
 h - an amulet of magic regeneration
 k - a +6 ring of strength (left hand)
Wands
 i - a wand of light (15)
 m - a wand of iceblast (6)
 p - a wand of paralysis (2)
Scrolls
 e - a scroll of teleportation
 f - 2 scrolls of poison
 r - a scroll of magic mapping
Potions
 a - a potion of lignification
 b - 2 potions of ambrosia
 c - a potion of cancellation
 d - 3 potions of brilliance
 g - a potion of degeneration {unknown}
 n - 2 potions of curing {unknown}
 o - a potion of invisibility {unknown}
 q - a potion of mutation {unknown}


   Skills:
 + Level 1.4 Fighting
 - Level 6.5 Dodging
 + Level 3.1 Unarmed Combat
 - Level 2.0 Spellcasting
 - Level 5.0 Transmutations


You had 6 spell levels left.
You knew the following spells:

 Your Spells              Type           Power      Damage    Failure   Level
a - Beastly Appendage     Tmut           34%        N/A       2%          1
b - Spider Form           Tmut/Pois      9%         N/A       22%         3

Your spell library contained the following spells:

 Spells                   Type           Power      Damage    Failure   Level
 Wereblood                Tmut           17%        N/A       4%          2
 Portal Projectile        Hex/Tloc       2%         N/A       52%         3
 Summon Guardian Golem    Hex/Summ       1%         N/A       52%         3
 Tukima's Dance           Hex            1%         N/A       52%         3
 Vhi's Electric Charge    Tloc/Air       2%         N/A       52%         3
 Ice Form                 Ice/Tmut       9%         N/A       58%         4
 Blade Hands              Tmut           8%         N/A       58%         5
 Arcjolt                  Conj/Air       0%         1d10      99%         5
 Plasma Beam              Fire/Air       0%         2x1d11    100%        6
 Orb of Destruction       Conj           0%         9d5       100%        7
 Spellforged Servitor     Conj/Summ      0%         N/A       100%        7


Dungeon Overview and Level Annotations

Branches:
Dungeon (6/15)
 Temple: D:4-7

Altars:


Innate Abilities, Weirdness & Mutations

You have temporarily grown beastly horns and talons.
You can breathe blasts of noxious fumes.
Your lurid green scales are hard. (AC +6)
You cannot fit into any form of body armour.
Your system is resistant to poisons. (rPois)
You are cold-blooded and may be slowed by cold attacks.


Message History

The hound bites you.
You barely miss the hound. The hound misses you.
The hound completely misses you.
You bite the hound!
The hound is poisoned.
The hound is heavily wounded.
The hound completely misses you.
You hit the hound.
The hound looks as sick as possible!
The hound is almost dead.
You kill the hound!
No target in view!
Your transformation has ended.
You grow a pair of large bovine horns.
Your feet morph into talons.
Your transformation is almost over.
A two-headed ogre is nearby!
A two-headed ogre is nearby!
Aiming: Breathe Noxious Fumes (5% risk of failure)
Press: ? - help, Shift-Dir - straight line, f - two-headed ogre
Aim: a two-headed ogre, wielding two +0 giant clubs (81% to hit)
You exhale a blast of noxious fumes.
The blast of choking fumes hits the two-headed ogre.
The two-headed ogre is lightly wounded.
The two-headed ogre is engulfed in noxious fumes.
Casting: Beastly Appendage (safe; 2% risk of failure)
Confirm with . or Enter, or press ? or * to list all spells.
You miscast Spider Form.
You are very lightly contaminated with residual magic.
You feel odd. You resist.
The two-headed ogre is engulfed in noxious fumes.
The two-headed ogre hits you with a +0 giant club!!
The two-headed ogre hits you with a +0 giant club!
* * * LOW HITPOINT WARNING * * *
Aiming: Paralyse
Press: ? - help, Shift-Dir - straight line, f/p - two-headed ogre
Aim: a two-headed ogre, wielding two +0 giant clubs (noxious fumes, lightly wounded, chance to affect: 31%)
The two-headed ogre easily resists.
A jelly comes into view.
The two-headed ogre is engulfed in noxious fumes.
The two-headed ogre misses you.
The two-headed ogre hits you with a +0 giant club!!
You die...

.# #####....#.# .....
..........># ...#.###
#......#.# .#...#..
#.###..#.#
##.....#.##.##.###..#.# #..
......#.........#.# #.#
#...####.###.##.#
#.#####...####.###.##.#
#............@..†.....#
#..........###O###.##.#
#..........# #.○.#.##.#
#.....J....#####☼#.##.#
.###.#######.h......#.##.#
.....######...S##...#.##.#
.........##.##......#.##.#
...#...#.K..##......#.##.#
#...#.#..)####†#..K.#.##.##.#


You could see a two-headed ogre and a jelly (wandering).

Vanquished Creatures
  Grinder (D:4)
  Menkaure (D:4)
  An ogre (D:5)
  3 hounds (D:5)
  2 jellies
  An iguana (D:4)
  4 gnolls (D:4)
  9 adders
  A white imp (D:5)
  An ufetubus (D:3)
  2 worms
  A dart slug (D:4)
  An orc (D:4)
  4 bats
  4 endoplasms
  2 giant cockroaches
  4 goblins
  8 hobgoblins
  A quokka (D:2)
  5 ball pythons
  3 frilled lizards
  5 kobolds
  3 rats
67 creatures vanquished.

Notes
Turn   | Place    | Note
-------+----------+-------------------------------------------
     0 | D:1      | MisterFreud the Draconian Transmuter began the quest for
                  | the Orb.
     0 | D:1      | Reached XP level 1. HP: 16/16 MP: 3/3
   151 | D:1      | Reached skill level 2 in Dodging
   395 | D:1      | Reached XP level 2. HP: 23/23 MP: 3/5
  1047 | D:2      | Reached XP level 3. HP: 17/28 MP: 4/6
  1193 | D:2      | Reached skill level 3 in Dodging
  1503 | D:2      | Learned a level 3 spell: Spider Form
  2161 | D:3      | Reached XP level 4. HP: 14/35 MP: 7/7
  3045 | D:4      | Reached skill level 4 in Dodging
  3050 | D:4      | Reached XP level 5. HP: 40/40 MP: 4/8
  3140 | D:4      | Noticed Grinder
  3146 | D:4      | Paralysed by Grinder for 3 turns
  3157 | D:4      | Killed Grinder
  3158 | D:4      | Reached skill level 5 in Dodging
  3158 | D:4      | Reached XP level 6. HP: 27/47 MP: 6/9
  3285 | D:4      | Noticed Menkaure
  3379 | D:4      | Killed Menkaure
  3394 | D:4      | Your scales start taking on a lurid green colour.
  3394 | D:4      | Reached XP level 7. HP: 36/52 MP: 5/10
  3394 | D:4      | Gained mutation: Your system is resistant to poisons.
                  | (rPois) [Green Draconian growth]
  3737 | D:5      | Entered Level 5 of the Dungeon
  3807 | D:5      | Reached skill level 6 in Dodging
  3883 | D:5      | Noticed a two-headed ogre
  3900 | D:5      | Reached skill level 5 in Transmutations
  3903 | D:5      | HP: 2/52 [two-headed ogre/+0 giant club (23)]
  3904 | D:5      | Noticed a kobold demonologist
  4138 | D:5      | Mangled by a two-headed ogre

Illustrated notes

Levels and vault maps discovered:
D:1:      nzn_arrival_crosshair, layout_loops_corners
D:2:      layout_loops_ring, grunt_ministairs_13
D:3:      layout_loops_corners, serial_rivers, chequers_serial_rivers_small_3,
          chequers_serial_rivers_room_a, chequers_serial_rivers_small_a,
          chequers_serial_rivers_room_a, chequers_serial_rivers_micro_e
D:4:      layout_basic, uniq_grinder, uniq_menkaure
D:5:      cheibrodos_fzero, layout_basic, grunt_gozag_statues
D:6:      layout_layer_cave, trog_three_pillars_becter, minmay_door_square,
          hangedman_abyss_or_decor_stagger, hangedman_decor_slide_cut

Skill      XL: |  1  2  3  4  5  6  7 |
---------------+----------------------+-----
Dodging        | 2 3 4 5 6 |  6.5
Transmutations | 3 4 5 |  5.0
Fighting       | |  1.4
Unarmed Combat | |  3.1
Spellcasting   | |  2.0

Action                     |  1- 3 |  4- 6 |  7- 9 || total
---------------------------+-------+-------+-------++-------
  Melee: Unarmed           |   110 |    59 |    51 ||   220
         Kick              |    19 |     7 |       ||    26
         Headbutt          |    11 |     4 |       ||    15
         Tailslap          |    10 |     5 |     2 ||    17
         Punch             |     1 |     1 |       ||     2
   Cast: Beastly Appendage |    23 |     8 |     1 ||    32
         Spider Form       |       |     5 |     4 ||     9
Ability: Breathe Noxious F |       |       |     3 ||     3
  Evoke: Wand              |       |       |     1 ||     1
    Use: Scroll            |     6 |     5 |     1 ||    12
         Potion            |       |     2 |       ||     2
   Stab: Sleeping          |     1 |       |       ||     1
         Confused          |       |       |     1 ||     1
 Armour: Skin              |    48 |    10 |     4 ||    62
  Dodge: Dodged            |    75 |    65 |    50 ||   190
